 Dungeon Crawl Stone Soup version 0.20-b1-24-gb21faa7 (webtiles) character file.

219 Sagrath01 the Twirler (level 5, 0/57 HPs)
             Began as a Demonspawn Gladiator on May 25, 2017.
             Was an Initiate of Okawaru.
             Slain by Duvessa
             ... wielding a +0 short sword
              (1 damage)
             ... on level 4 of the Dungeon.
             The game lasted 00:07:05 (2576 turns).

Sagrath01 the Twirler (Demonspawn Gladiator)        Turns: 2576, Time: 00:07:06

Health: 0/57       AC: 22    Str: 15    XL:     5   Next: 64%
Magic:  5/5        EV:  2    Int:  9    God:    Okawaru [......]
Gold:   115        SH:  0    Dex: 15    Spells: 4/4 levels left

rFire    . . .     SeeInvis .   B - +1 dagger (elec)
rCold    . . .     Gourm    .   (no shield)
rNeg     + + +     Faith    .   (armour currently unavailable)
rPois    +         Spirit   .   (helmet currently unavailable)
rElec    .         Reflect  .   (cloak currently unavailable)
rCorr    .         Harm     .   (gloves currently unavailable)
MR       .....     NoTele   +   (boots currently unavailable)
Stlth    +.........             (no amulet)
Regen    0.2/turn               (no ring)
MPRegen  0.1/turn               (no ring)

@: tree-form
A: no striking features
a: Renounce Religion


You were on level 4 of the Dungeon.
You worshipped Okawaru.
Okawaru was noncommittal.
You were hungry.
You were a tree.
You visited 1 branch of the dungeon, and saw 4 of its levels.

You collected 115 gold pieces.

Inventory:

Hand Weapons
 a - a +0 quarterstaff
 w - a +0 dagger of electrocution
 B - a +1 dagger of electrocution (weapon)
Missiles
 d - 3 throwing nets (quivered)
 h - 10 bolts
 i - 21 arrows
 l - 254 stones
 q - 43 poisoned needles
 D - 14 sling bullets
Armour
 b - a +0 leather armour
 c - a +0 helmet (melded)
 p - a +0 scale mail (melded)
Wands
 k - a wand of digging (12/24)
Scrolls
 e - a scroll of fear {unknown}
 g - 2 scrolls of amnesia {unknown}
 n - a scroll of noise {unknown}
 o - 3 scrolls of remove curse {unknown}
 r - 5 scrolls of identify {unknown}
 t - a scroll of enchant weapon {unknown}
 u - a scroll of teleportation {unknown}
 y - 2 scrolls of immolation {unknown}
 A - 2 scrolls of enchant armour {unknown}
 G - a scroll of recharging {unknown}
Potions
 m - a potion of lignification
 s - 2 potions of haste {unknown}
 v - a potion of ambrosia {unknown}
 x - a potion of invisibility {unknown}
 z - a potion of curing {unknown}
 E - 2 potions of might {unknown}
 F - a potion of mutation {unknown}
Comestibles
 f - a bread ration
 j - 2 meat rations
 C - 2 royal jellies


   Skills:
 - Level 2.0 Fighting
 * Level 3.3 Short Blades
 - Level 3.6 Staves
 - Level 2.0 Throwing
 + Level 2.2 Armour
 - Level 2.6 Dodging


You had 4 spell levels left.
You didn't know any spells.

Dungeon Overview and Level Annotations

Branches:
Dungeon (4/15)
 Temple: D:4-7

Altars:
Okawaru

Annotations:
D:4 Duvessa


Innate Abilities, Weirdness & Mutations

((You have sharp fingernails.))
((You are partially covered in icy blue scales. (AC +2)))


Message History

Duvessa is severely wounded.
Duvessa hits you with a short sword!
* * * LOW HITPOINT WARNING * * *
Duvessa completely misses you.
You hit Duvessa but do no damage.
Duvessa is severely wounded.
Duvessa hits you with a short sword!
* * * LOW HITPOINT WARNING * * *
You hit Duvessa but do no damage. Lightning courses through Duvessa!
Duvessa is almost dead.
Duvessa hits you but does no damage.
You hit Duvessa but do no damage.
Duvessa is almost dead.
Duvessa hits you with a short sword.
* * * LOW HITPOINT WARNING * * *
Duvessa hits you but does no damage.
You barely miss Duvessa.
Duvessa is almost dead.
Duvessa hits you with a short sword.
You die...

## .. #.##.####
........# # #♣# #
#.##.##e##>#
#..........#
#.##..#.####
.....#.###### .
#............# ...
#####.##...####...≈
#. #...#.....≈≈ #.
#.........≈≈


You could see Duvessa (berserk).

Vanquished Creatures
  Dowan (D:4)
  3 adders
  2 gnolls (D:3)
  2 oozes
  4 worms
  3 dart slugs
  3 leopard geckos
  12 orcs (D:3)
  3 ball pythons
  4 giant cockroaches (D:3)
  7 goblins
  6 hobgoblins
  7 jackals
  5 bats
  4 frilled lizards
  8 kobolds
  12 rats
86 creatures vanquished.

Notes
Turn   | Place    | Note
-------+----------+-------------------------------------------
     0 | D:1      | Sagrath01 the Demonspawn Gladiator began the quest for the Orb.
     0 | D:1      | Reached XP level 1. HP: 16/16 MP: 1/1
   155 | D:1      | Gained mutation: You have sharp fingernails. [demonic ancestry]
   155 | D:1      | Reached XP level 2. HP: 12/22 MP: 2/2
   565 | D:1      | Reached XP level 3. HP: 27/27 MP: 3/3
  1007 | D:3      | Reached skill level 1 in Short Blades
  1009 | D:3      | Reached skill level 1 in Armour
  1090 | D:3      | Gained mutation: You are partially covered in icy blue scales. (AC +2) [demonic ancestry]
  1090 | D:3      | Reached XP level 4. HP: 27/33 MP: 4/4
  1485 | D:3      | Found an iron altar of Okawaru.
  1493 | D:3      | Became a worshipper of Warmaster Okawaru
  1623 | D:2      | Reached XP level 5. HP: 38/38 MP: 5/5
  2546 | D:4      | Noticed Dowan
  2547 | D:4      | Noticed Duvessa
  2562 | D:4      | Killed Dowan
  2573 | D:4      | HP: 2/57 [Duvessa/short sword (8)]
  2576 | D:4      | Slain by Duvessa

Skill      XL: |  1  2  3  4  5 |
---------------+----------------+-----
Throwing       | 2 |  2.0
Staves         | 3 |  3.6
Short Blades   | 1 2 3 |  3.3
Armour         | 1 2 |  2.2
Fighting       | |  2.0
Dodging        | |  2.6

Action                   |  1- 3 |  4- 6 || total
-------------------------+-------+-------++-------
Melee: Quarterstaff      |    62 |       ||    62
       Dagger            |    78 |   137 ||   215
  Use: Potion            |       |     1 ||     1
  Eat: Chunk             |       |     5 ||     5
Armor: Scale mail        |    43 |    58 ||   101
       Leather armour    |     3 |       ||     3
       Skin              |       |     3 ||     3
Dodge: Dodged            |    69 |    63 ||   132
